 Dungeon Crawl Stone Soup version 0.29.1-12-g30fa7ad0bf (webtiles) character file.

Game seed: 4477772171479567397

5184 FexLirch the Cleaver (level 10, -5/80 (83) HPs)
             Began as a Formicid Fighter on Jan 11, 2023.
             Was an Initiate of Ashenzari.
             Slain by an unseen horror (7 damage)
             ... on level 13 of the Dungeon.
             The game lasted 00:20:08 (8427 turns).

FexLirch the Cleaver (Formicid Fighter)             Turns: 8427, Time: 00:20:08

HP:   -5/80 (83)    AC: 18    Str: 24    XL:     10   Next: 90%
MP:   10/10         EV:  7    Int: 15    God:    Ashenzari [......]
Gold: 328           SH: 16    Dex: 13    Spells: 9/9 levels left

rFire   . . .      SeeInvis +   a - +0 war axe
rCold   . . .      Faith    .   b - +0 kite shield
rNeg    + . .      Spirit   .   z - +2 chain mail {rN+}
rPois   +          Reflect  +   (helmet unavailable)
rElec   .          Harm     .   A - +2 cloak "Ruined Together" {Cun, Fort} (curse)
rCorr   .          Rampage  .   w - +2 pair of gloves
Will    +....                   t - +0 pair of boots
Stlth   ..........              q - amulet "Kedehuth" {Reflect -Tele rPois Slay+6 SH+5 Stlth+}
HPRegen 0.23/turn               n - ring of wizardry
MPRegen 0.12/turn               u - +6 ring of intelligence

@: mighty, lightly drained
A: permanent stasis, dig shafts and tunnels, antennae 3, four strong arms
a: Dig, Shaft Self, Renounce Religion, Curse Item, Shatter the Chains


You were on level 13 of the Dungeon.
You worshipped Ashenzari.
Ashenzari was noncommittal.
You visited 1 branch of the dungeon, and saw 13 of its levels.

You collected 384 gold pieces.
You spent 56 gold pieces at shops.

Inventory:

Hand Weapons
 a - a +0 war axe (weapon)
Armour
 b - a +0 kite shield (worn)
 j - a +0 tower shield
 t - a +0 pair of boots (worn)
 w - a +2 pair of gloves (worn)
 z - a +2 chain mail of positive energy (worn)
 A - the cursed +2 cloak "Ruined Together" (worn) {Cun, Fort}
   (You took it off Crazy Yiuf on level 5 of the Dungeon)

   It has a curse which improves the following skills: Cunning: Dodging and
   Stealth.
   Fortitude: Armour and Shields.
Jewellery
 n - a ring of wizardry (left hand)
 q - the amulet "Kedehuth" (around neck) {Reflect -Tele rPois Slay+6 SH+5 Stlth+}
   (You found it on level 4 of the Dungeon)

   [amulet of reflection]

   It reflects blocked missile attacks.
   Slay:      It affects your accuracy & damage with ranged weapons and melee
   (+6).
   rPois:     It protects you from poison.
   -Tele:     It prevents most forms of teleportation.
   SH:        It affects your SH (+5).
   Stlth:     It makes you more stealthy.
 u - a +6 ring of intelligence (right hand)
Wands
 c - a wand of flame (2)
 y - a wand of roots (20)
Scrolls
 h - 2 scrolls of immolation
 p - a scroll of silence
 s - a scroll of amnesia
 v - a scroll of enchant armour {unknown}
 x - 3 scrolls of enchant weapon
Potions
 d - 2 potions of might
 i - 2 potions of magic
 k - a potion of lignification {unknown}
 l - 2 potions of cancellation
 m - a potion of berserk rage {unknown}
 o - 2 potions of mutation
 F - a potion of flight


   Skills:
 + Level 9.1 Fighting
 * Level 11.1 Axes
 - Level 3.2(3.6) Armour
 + Level 10.8(11.2) Shields


You had 9 spell levels left.
You didn't know any spells.
Your spell library contained the following spells:

 Spells                   Type           Power      Damage    Failure   Level
 Magic Dart               Conj           0%         1d3       77%         1
 Slow                     Hex            0%         N/A       77%         1
 Call Imp                 Summ           0%         N/A       88%         2
 Sublimation of Blood     Necr           0%         N/A       88%         2
 Confusing Touch          Hex            0%         N/A       98%         3
 Mephitic Cloud           Conj/Pois/Air  0%         N/A       98%         3
 Vampiric Draining        Necr           0%         2d6       98%         3
 Petrify                  Tmut/Erth      0%         N/A       100%        4
 Irradiate                Conj/Tmut      0%         3d11      100%        5


Dungeon Overview and Level Annotations

Branches:
Dungeon (14/15)            Temple (0/1) D:4
   Lair: D:8-11         Orc: D:9-12      Vaults: D:13-14

Altars:
Ashenzari
Elyvilon
Fedhas
Kikubaaqudgha
Qazlal
Yredelemnul

Shops:
D:2 (   D:3 !

Portals:
Trove: D:14 (give +5 ice dragon scales)

Annotations:
D:11 Erica
D:12 Azrael
D:14 1 runed translucent door


Innate Abilities, Weirdness & Mutations

You cannot be hasted, slowed, berserked, paralysed or teleported.
You can dig through walls and to a lower floor.
You have a pair of large antennae on your head. (SInv)
Your four strong arms can wield two-handed weapons with a shield.


Message History

* * * LOW HITPOINT WARNING * * *
You feel better. You block the unseen horror's attack.
The unseen horror hits you but does no damage.
Okay, then.
The unseen horror closely misses you.
You block the unseen horror's attack. x2
As you open the door, it creaks loudly! The unseen horror closely misses you.
You block the fire elemental's attack.
Found a scroll of fear.
Found a scroll of identify.
Found a stone staircase leading up.
You block the unseen horror's attack.
The boulder beetle is engulfed in blazing flames.
The orc wizard mumbles some strange words.
The orc wizard flickers and vanishes for a moment.
There is an open door here.
The manticore is engulfed in blazing flames.
Press: ? - help, v - describe, . - travel The floor.
Unknown command.
The boulder beetle curls into a ball and begins rolling!
You block the unseen horror's attack.
Okay, then.
Unknown command.
Unknown command.
The unseen horror attacks as you move away!
The unseen horror hits you.
* * * LOW HITPOINT WARNING * * *
The unseen horror hits you.
* * * LOW HITPOINT WARNING * * *
Okay, then.
Unknown command.
Okay, then.
Unknown command.
Unknown command.
The unseen horror attacks as you move away!
The unseen horror hits you but does no damage.
The unseen horror closely misses you.
The unseen horror hits you but does no damage.
The unseen horror hits you!
You die...

...,,* *,*,* ..#***
**##** #...# ..#
*....* #...# ..#
*..#.####...# #.#
*,..........# ..#
*,..........# ..#
*####.......#
#o#######..#?......#
.......##..#....@#<#
###...o##..#.E.x...#
#....o.○{#○B.....#
#....##o.'°......#
#######..#.......#
#..#####...#
####*,,#...#
*,,#...# *,,+...#


You could see a boulder beetle (rolling), an unseen horror (invisible), a fire
elemental (summoned) and an orc wizard (invisible).

Vanquished Creatures
  Pikel (D:5)
  Maggie (D:6)
  Grinder (D:5)
  A wraith (D:6)
  Grum (D:9)
  A steam dragon (D:9)
  5 vampire mosquitoes
  Edmund (D:5)
  A water moccasin (D:6)
  A hell hound (D:12)
  2 ice beasts
  A black bear (D:6)
  An ogre (D:6)
  3 wolves (D:8)
  3 centaurs
  2 lemures (D:5)
  2 kobold brigands (D:8)
  4 bullfrogs
  3 scorpions
  A wyvern zombie (D:7)
  7 wights (D:7)
  A howler monkey (D:6)
  4 centaur zombies (D:7)
  7 hounds
  3 jellies
  5 orc priests
  Crazy Yiuf (D:5)
  5 iguanas
  Ijyb (D:4)
  3 orc wizards
  A killer bee zombie (D:7)
  4 adders
  3 gnolls (D:5)
  2 white imps
  2 ufetubi
  A worm (D:2)
  A dart slug (D:1)
  16 orcs
  2 bat zombies (D:3)
  4 endoplasms
  3 giant cockroaches
  7 goblins
  5 hobgoblins
  5 jackals (D:2)
  5 quokkas
  A ball python (D:1)
  5 bats
  A frilled lizard (D:1)
  16 kobolds
  3 rats
  2 rat zombies (D:3)
162 creatures vanquished.

Vanquished Creatures (others)
  2 plants (D:4)
  A withered plant (D:7)
3 creatures vanquished.

Grand Total: 165 creatures vanquished

Notes
Turn   | Place    | Note
-------+----------+-------------------------------------------
     0 | D:1      | FexLirch the Formicid Fighter began the quest for the Orb.
     0 | D:1      | Reached XP level 1. HP: 18/18 MP: 1/1
   303 | D:1      | Reached XP level 2. HP: 24/24 MP: 2/2
   649 | D:1      | Reached XP level 3. HP: 29/29 MP: 3/3
   831 | D:2      | Reached skill level 3 in Axes
   839 | D:2      | Found Qaediyst's Weapon Emporium.
  1201 | D:2      | Reached XP level 4. HP: 34/37 MP: 4/4
  1497 | D:3      | Found a basalt altar of Yredelemnul.
  1501 | D:3      | Found a blossoming altar of Fedhas.
  1645 | D:3      | Found a faded altar of an unknown god.
  1669 | D:3      | Found Kiuddeg's Distillery.
  1691 | D:3      | Bought a potion of curing for 42 gold pieces
  1691 | D:3      | Bought a potion of degeneration for 14 gold pieces
  1748 | D:3      | Found an ancient bone altar of Kikubaaqudgha.
  2222 | D:4      | Reached XP level 5. HP: 36/42 MP: 5/5
  2226 | D:4      | Found a broken altar of Ashenzari.
  2228 | D:4      | Identified the amulet "Kedehuth" {Reflect -Tele rPois
                  | Slay+6 SH+5 Stlth+}
  2243 | D:4      | Became a worshipper of Ashenzari the Shackled
  2378 | D:4      | Reached skill level 4 in Axes
  2378 | D:4      | Reached skill level 5 in Shields
  2438 | D:4      | Found a staircase to the Ecumenical Temple.
  2499 | D:4      | Reached XP level 6. HP: 47/49 MP: 6/6
  2893 | D:4      | Found a stormy altar of Qazlal.
  2919 | D:4      | Noticed Ijyb
  2937 | D:4      | Killed Ijyb
  3224 | D:5      | Entered Level 5 of the Dungeon
  3472 | D:5      | Reached skill level 5 in Axes
  3476 | D:5      | Reached XP level 7. HP: 55/55 MP: 7/7
  3562 | D:5      | Reached skill level 5 in Fighting
  3715 | D:5      | Noticed Grinder
  3733 | D:5      | Killed Grinder
  3734 | D:5      | Reached skill level 6 in Axes
  3804 | D:5      | Reached XP level 8. HP: 63/63 MP: 8/8
  4008 | D:5      | Noticed Pikel
  4024 | D:5      | Killed Pikel
  4025 | D:5      | Reached skill level 7 in Axes
  4145 | D:5      | Reached XP level 9. HP: 70/71 MP: 9/9
  4261 | D:5      | Found a runed translucent door.
  4262 | D:5      | Noticed Crazy Yiuf
  4438 | D:5      | Noticed Edmund
  4447 | D:5      | Killed Edmund
  4539 | D:5      | Killed Crazy Yiuf
  4540 | D:5      | Reached skill level 8 in Axes
  4933 | D:6      | Noticed Maggie
  4950 | D:6      | Killed Maggie
  4951 | D:6      | Reached skill level 9 in Axes
  5393 | D:7      | Reached XP level 10. HP: 80/80 MP: 10/10
  5848 | D:7      | Reached skill level 10 in Axes
  5959 | D:7      | Reached skill level 10 in Shields
  7097 | D:8      | Found a white marble altar of Elyvilon.
  7420 | D:9      | Noticed Grum
  7718 | D:9      | Killed Grum
  7723 | D:9      | Noticed a two-headed ogre
  7901 | D:9      | Noticed a two-headed ogre
  7912 | D:9      | You fall into a shaft and drop 3 floors!
  8182 | D:11     | Noticed Erica
  8261 | D:12     | Reached skill level 11 in Axes
  8262 | D:12     | Noticed Azrael
  8265 | D:12     | You fall into a shaft and drop 2 floors!
  8364 | D:14     | Found a runed translucent door.
  8364 | D:14     | Noticed a red ugly thing
  8365 | D:14     | Noticed a red ugly thing
  8365 | D:14     | Noticed a red ugly thing
  8365 | D:14     | Noticed a red ugly thing
  8371 | D:14     | Noticed a boulder beetle
  8371 | D:14     | Noticed a centaur warrior
  8373 | D:14     | Found a portal to a secret trove of treasure.
  8374 | D:14     | Noticed a red ugly thing
  8377 | D:14     | Noticed a deep elf pyromancer
  8379 | D:13     | Noticed a boulder beetle
  8379 | D:13     | Noticed a manticore
  8379 | D:13     | Noticed a deep elf pyromancer
  8379 | D:13     | Noticed an unseen horror
  8417 | D:13     | HP: 4/80 [unseen horror (1)]
  8425 | D:13     | HP: 2/80 [unseen horror (5)]
  8427 | D:13     | Slain by an unseen horror

Illustrated notes

Levels and vault maps discovered:
D:1:      minmay_arrival_shattered_statue, layout_basic
D:2:      layout_basic, serial_shops, shop_fountains
D:3:      layout_loops_ring, minitemple, lemuel_zombie_altar_kikubaaqudgha,
          serial_shops, nicolae_shop_competitors_out_of_business,
          basic_ecumenical_altar, chequers_hall_statues_y
D:4:      layout_basic, mainiacjoe_overflow_boulevard,
          mainiacjoe_overflow_alcove_4, minmay_temple_entry_mini_moons,
          uniq_ijyb
D:5:      layout_cave_pods, uniq_edmund, uniq_pikel, uniq_crazy_yiuf_cottage,
          uniq_grinder
D:6:      layout_cave_pools, uniq_maggie
D:7:      layout_layer_cave, serial_undead, serial_undead_e, serial_undead_a,
          serial_undead_c, serial_undead_f
D:8:      layout_cave_pods, nicolae_elyvilon_temple_path
D:9:      layout_cave_pools, grunt_temple_overflow_open, zin_statuary,
          grunt_lair_entry_orc_guard_hut, serial_shops, shop, minivault_25_ag,
          uniq_grum
D:11:     layout_roguey, orc_0_dummy, serial_shops, kennysheep_mini,
          nicolae_shop_trees, shop, nicolae_lakefront_shop, st_stairs_3,
          uniq_erica
D:12:     layout_stronghold, hex_large, kennysheep_nondescript, uniq_erolcha,
          uniq_jorgrun, uniq_azrael
D:13:     layout_stronghold, xom_shifter_show
D:14:     layout_small_grid, david_vaults_1, muffindrake_ghost_dual_entry,
          nrook_pool_corridor, enter_trove_0, uniq_snorg

Skill      XL: |  1  2  3  4  5  6  7  8  9 10 |
---------------+-------------------------------+-----
Axes           | 3 4 5 6 7 9 11 | 11.1
Fighting       | 4 5 6 7 9 |  9.1
Shields        | 5 6 7 9 10 | 10.8
Armour         | |  3.2

Action                   |  1- 3 |  4- 6 |  7- 9 | 10-12 || total
-------------------------+-------+-------+-------+-------++-------
Melee: War axe           |    85 |    93 |   151 |   146 ||   475
Invok: Curse Item        |       |       |       |     1 ||     1
 Abil: Shaft Self        |       |       |       |     2 ||     2
       Dig               |       |       |       |     1 ||     1
Evoke: Wand              |       |       |       |     1 ||     1
  Use: Scroll            |       |     2 |       |    16 ||    18
       Potion            |       |     2 |       |     8 ||    10
Armor: Scale mail        |    33 |    32 |       |       ||    65
       Chain mail        |       |    11 |    67 |    94 ||   172
Dodge: Dodged            |    34 |    49 |    35 |    43 ||   161
Block: Buckler           |    19 |    40 |    81 |    54 ||   194
       Reflection        |       |     2 |     1 |     8 ||    11
       Kite shield       |       |       |       |    95 ||    95
